General information
- name: BNet
- type: Ladder team game (AT/RT)
- host: Battle.net
- saver: ANGEL.ARENA.
map: Mur'gulOasis
- players: 8
- length: 45:08
- speed: Fast
- version: 1.26 W3XP
- replay type: Public
» download(237 KB)
Players
team 1 (winner)
iceman6709 (
teal | 53 APM | 922 actions | 17:26)
5 Archmage
2 Summon Water Elemental
3 Brilliance Aura
4 Mountain King
3 Storm Bolt
1 Bash
» actions
| Assign group hotkey | 31 | |
| Basic commands | 20 | |
| Build / train | 54 | |
| Enter build submenu | 21 | |
| Enter hero's abilities submenu | 9 | |
| Give item / drop item | 1 | |
| Right click | 186 | |
| Select / deselect | 244 | |
| Select group hotkey | 283 | |
| Use ability | 73 | |
922 total
» units
| Peasant | 11 | |
| Rifleman | 7 | |
| Priest | 6 | |
| Mortar Team | 6 | |
30 total
» upgrades
| Gunpowder | 2 | |
| Masonry | 2 | |
| Long Rifles | 1 | |
| Lumber Harvesting | 1 | |
| Armor | 1 | |
7 total
» buildings
| Altar of Kings | 2 | |
| Farm | 11 | |
| Blacksmith | 1 | |
| Barracks | 1 | |
| Arcane Vault | 1 | |
| Scout Tower | 1 | |
| Arcane Tower | 1 | |
| Lumber Mill | 1 | |
| Keep | 1 | |
| Arcane Sanctum | 1 | |
| Workshop | 1 | |
22 total
» build order
00:20 Altar of Kings
00:24 Farm
00:37 Blacksmith
01:26 Barracks
01:39 Farm
02:18 Farm
02:38 Arcane Vault
03:01 Farm
03:27 Scout Tower
03:41 Farm
03:57 Arcane Tower
04:26 Farm
04:39 Lumber Mill
05:03 Keep
07:35 Arcane Sanctum
07:41 Workshop
09:39 Farm
11:12 Altar of Kings
11:20 Farm
12:07 Farm
12:26 Farm
13:12 Farm
» items
| Lesser Clarity Potion | 1 | |
| Scroll of Regeneration | 1 | |
| Boots of Speed | 1 | |
| Scroll of Town Portal | 1 | |
4 total

»
muhat (
pink | 81 APM | 1401 actions | 17:18)
5 Mountain King
3 Storm Bolt
2 Bash
4 Paladin
2 Holy Light
2 Divine Shield
» actions
| Assign group hotkey | 26 | |
| Basic commands | 70 | |
| Build / train | 51 | |
| Enter build submenu | 15 | |
| Enter hero's abilities submenu | 10 | |
| Remove unit from queue | 1 | |
| Right click | 541 | |
| Select / deselect | 311 | |
| Select group hotkey | 309 | |
| Use ability | 66 | |
1401 total
» units
» upgrades
| Lumber Harvesting | 1 | |
| Plating | 1 | |
| Animal War Training | 1 | |
| Swords | 1 | |
4 total
» buildings
| Altar of Kings | 1 | |
| Barracks | 3 | |
| Farm | 10 | |
| Arcane Vault | 1 | |
| Keep | 1 | |
| Lumber Mill | 1 | |
| Blacksmith | 1 | |
| Castle | 1 | |
| Guard Tower | 2 | |
21 total
» build order
00:10 Altar of Kings
00:21 Barracks
00:36 Farm
00:51 Farm
01:31 Farm
02:01 Arcane Vault
03:14 Keep
03:40 Lumber Mill
04:29 Blacksmith
05:37 Castle
05:58 Barracks
06:02 Farm
06:27 Guard Tower
06:38 Guard Tower
07:02 Barracks
07:21 Farm
07:46 Farm
07:47 Farm
07:48 Farm
07:49 Farm
09:05 Farm
» items
| Ivory Tower | 4 | |
| Scroll of Town Portal | 2 | |
6 total
ANGEL.ARENA. (
red | 44 APM | 1983 actions | 45:08)
7 Blademaster
3 Wind Walk
3 Critical Strike
1 Bladestorm
1 Tauren Chieftain
1 Reincarnation
» actions
| Assign group hotkey | 29 | |
| Basic commands | 11 | |
| Build / train | 86 | |
| Enter build submenu | 29 | |
| Enter hero's abilities submenu | 8 | |
| Give item / drop item | 4 | |
| Right click | 846 | |
| Select / deselect | 233 | |
| Select group hotkey | 583 | |
| Use ability | 154 | |
1983 total
» units
| Peon | 17 | |
| Grunt | 3 | |
| Wind Rider | 10 | |
| Flying Machine | 23 | |
| Troll Batrider | 5 | |
| Troll Headhunter/Berserker | 2 | |
60 total
» upgrades
| Ranged Weapons | 2 | |
| Armor | 1 | |
| Envenomed Spears | 1 | |
| Reinforced Defenses | 1 | |
5 total
» buildings
| Altar of Storms | 1 | |
| Orc Burrow | 8 | |
| Barracks | 1 | |
| Voodoo Lounge | 1 | |
| Stronghold | 1 | |
| War Mill | 1 | |
| Beastiary | 3 | |
| Fortress | 2 | |
| Watch Tower | 21 | |
| Great Hall | 3 | |
| Scout Tower | 8 | |
| Guard Tower | 5 | |
| Town Hall | 1 | |
56 total
» build order
00:08 Altar of Storms
00:19 Orc Burrow
00:38 Barracks
01:21 Orc Burrow
01:58 Voodoo Lounge
02:59 Stronghold
03:45 War Mill
03:54 Orc Burrow
03:57 Orc Burrow
05:34 Beastiary
05:36 Beastiary
06:31 Fortress
06:32 Fortress
07:26 Watch Tower
07:26 Watch Tower
07:31 Watch Tower
07:31 Watch Tower
07:32 Watch Tower
07:33 Watch Tower
07:34 Watch Tower
09:02 Great Hall
09:14 Orc Burrow
09:14 Orc Burrow
11:58 Watch Tower
11:58 Watch Tower
11:59 Watch Tower
12:00 Watch Tower
13:09 Beastiary
13:34 Orc Burrow
14:13 Watch Tower
14:14 Watch Tower
14:15 Watch Tower
15:42 Watch Tower
15:42 Watch Tower
15:44 Watch Tower
16:27 Great Hall
17:00 Watch Tower
17:00 Watch Tower
17:00 Watch Tower
17:51 Orc Burrow
18:15 Watch Tower
24:29 Scout Tower
24:30 Scout Tower
24:30 Scout Tower
24:30 Scout Tower
24:30 Scout Tower
24:56 Scout Tower
24:56 Scout Tower
25:14 Great Hall
26:16 Guard Tower
26:16 Guard Tower
26:16 Guard Tower
27:12 Scout Tower
28:04 Guard Tower
28:04 Guard Tower
28:12 Town Hall
» items
| Healing Salve | 2 | |
| Staff of Teleportation | 1 | |
| Potion of Lesser Invulnerability | 1 | |
4 total
WaSaBi. (
yellow | 44 APM | 789 actions | 17:44)
5 Tauren Chieftain
3 Shockwave
2 Endurance Aura
» actions
| Assign group hotkey | 4 | |
| Basic commands | 12 | |
| Build / train | 57 | |
| Enter build submenu | 15 | |
| Enter hero's abilities submenu | 5 | |
| Right click | 345 | |
| Select / deselect | 300 | |
| Select group hotkey | 3 | |
| Use ability | 48 | |
789 total
» units
| Peon | 10 | |
| Grunt | 4 | |
| Raider | 8 | |
| Shaman | 6 | |
| Troll Witch Doctor | 4 | |
| Spirit Walker | 1 | |
| Tauren | 3 | |
36 total
» upgrades
| Spiked Barricades | 1 | |
| Armor | 1 | |
| Ensnare | 1 | |
| Shaman Training | 2 | |
| Witch Doctor Training | 2 | |
7 total
» buildings
| Altar of Storms | 1 | |
| Orc Burrow | 6 | |
| Barracks | 1 | |
| Voodoo Lounge | 1 | |
| Stronghold | 1 | |
| War Mill | 1 | |
| Beastiary | 1 | |
| Spirit Lodge | 2 | |
| Fortress | 1 | |
| Tauren Totem | 1 | |
16 total
» build order
00:10 Altar of Storms
00:14 Orc Burrow
00:34 Barracks
01:33 Orc Burrow
02:07 Voodoo Lounge
03:27 Orc Burrow
03:51 Stronghold
04:16 War Mill
05:22 Orc Burrow
06:40 Beastiary
06:48 Spirit Lodge
06:52 Spirit Lodge
07:12 Fortress
11:17 Tauren Totem
12:08 Orc Burrow
12:12 Orc Burrow
» items
| Healing Salve | 3 | |
| Lesser Clarity Potion | 1 | |
| Scroll of Town Portal | 2 | |
6 total
team 2 (loser)
gargle-my-balls (
green | 36 APM | 1610 actions | 44:56)
8 Keeper of the Grove
3 Force of Nature
3 Entangling Roots
1 Tranquility
1 Thorns Aura
6 Priestess of the Moon
1 Scout
3 Trueshot Aura
1 Searing Arrows
1 Starfall
5 Dark Ranger
3 Silence
1 Black Arrow
1 Life Drain
» actions
| Assign group hotkey | 36 | |
| Basic commands | 2 | |
| Build / train | 71 | |
| Enter build submenu | 23 | |
| Enter hero's abilities submenu | 19 | |
| Remove unit from queue | 1 | |
| Right click | 533 | |
| Select / deselect | 384 | |
| Select group hotkey | 457 | |
| Use ability | 84 | |
1610 total
» units
| Wisp | 17 | |
| Archer | 5 | |
| Hippogryph | 8 | |
| Chimaera | 8 | |
38 total
» upgrades
| Strength of the Wild | 3 | |
| Reinforced Hides | 3 | |
| Corrosive Breath | 1 | |
7 total
» buildings
| Altar of Elders | 1 | |
| Moon Well | 9 | |
| Ancient of War | 1 | |
| Ancient of Wonders | 1 | |
| Hunter's Hall | 1 | |
| Tree of Ages | 1 | |
| Tree of Eternity | 1 | |
| Ancient of Wind | 2 | |
| Chimaera Roost | 2 | |
| Tree of Life | 5 | |
24 total
» build order
00:07 Altar of Elders
00:11 Moon Well
00:23 Ancient of War
01:25 Moon Well
02:36 Ancient of Wonders
03:45 Hunter's Hall
04:07 Tree of Ages
04:23 Moon Well
05:57 Moon Well
06:29 Tree of Eternity
06:34 Ancient of Wind
06:39 Ancient of Wind
07:51 Moon Well
08:54 Chimaera Roost
08:56 Chimaera Roost
09:06 Moon Well
09:57 Moon Well
17:58 Moon Well
19:36 Tree of Life
21:15 Moon Well
22:43 Tree of Life
24:28 Tree of Life
25:00 Tree of Life
26:47 Tree of Life
» items
Bill_48 (
blue | 34 APM | 1522 actions | 44:56)
8 Archmage
3 Summon Water Elemental
3 Brilliance Aura
1 Mass Teleport
1 Blizzard
» actions
| Basic commands | 4 | |
| Build / train | 83 | |
| Enter build submenu | 17 | |
| Enter hero's abilities submenu | 8 | |
| Give item / drop item | 2 | |
| Remove unit from queue | 2 | |
| Right click | 801 | |
| Select / deselect | 536 | |
| Use ability | 69 | |
1522 total
» units
| Peasant | 9 | |
| Footman | 3 | |
| Rifleman | 14 | |
| Mur'gul Snarecaster | 1 | |
| Mortar Team | 20 | |
47 total
» upgrades
| Gunpowder | 3 | |
| Plating | 0 | |
| Armor | 3 | |
| Lumber Harvesting | 1 | |
| Long Rifles | 1 | |
| Fragmentation Shards | 1 | |
9 total
» buildings
| Altar of Kings | 1 | |
| Barracks | 1 | |
| Farm | 11 | |
| Blacksmith | 1 | |
| Arcane Vault | 1 | |
| Lumber Mill | 1 | |
| Keep | 1 | |
| Castle | 1 | |
| Workshop | 1 | |
| Scout Tower | 1 | |
| Guard Tower | 1 | |
21 total
» build order
00:10 Altar of Kings
00:12 Barracks
00:16 Farm
01:25 Farm
01:29 Farm
02:06 Farm
02:13 Blacksmith
02:41 Arcane Vault
02:54 Lumber Mill
03:18 Farm
04:19 Farm
04:21 Keep
05:02 Farm
06:05 Farm
06:49 Castle
06:54 Workshop
08:53 Farm
20:14 Farm
20:14 Farm
29:58 Scout Tower
30:25 Guard Tower
» items
| Scroll of Regeneration | 6 | |
| Lesser Clarity Potion | 5 | |
| Scroll of Town Portal | 2 | |
13 total
TyCobb (
purple | 87 APM | 3910 actions | 44:56)
6 Archmage
3 Summon Water Elemental
2 Brilliance Aura
1 Mass Teleport
» actions
| Assign group hotkey | 102 | |
| Basic commands | 567 | |
| Build / train | 100 | |
| Enter build submenu | 49 | |
| Enter hero's abilities submenu | 6 | |
| Give item / drop item | 2 | |
| Remove unit from queue | 1 | |
| Right click | 1450 | |
| Select / deselect | 650 | |
| Select group hotkey | 880 | |
| Use ability | 103 | |
3910 total
» units
| Peasant | 10 | |
| Footman | 3 | |
| Rifleman | 30 | |
43 total
» upgrades
| Armor | 3 | |
| Long Rifles | 1 | |
| Lumber Harvesting | 1 | |
| Masonry | 2 | |
| Gunpowder | 3 | |
10 total
» buildings
| Altar of Kings | 1 | |
| Barracks | 6 | |
| Farm | 12 | |
| Scout Tower | 23 | |
| Arcane Vault | 1 | |
| Arcane Tower | 1 | |
| Blacksmith | 1 | |
| Lumber Mill | 2 | |
| Keep | 1 | |
| Guard Tower | 20 | |
| Arcane Sanctum | 2 | |
| Town Hall | 2 | |
| Castle | 1 | |
73 total
» build order
00:50 Altar of Kings
00:53 Barracks
01:02 Farm
01:07 Farm
01:09 Farm
01:21 Scout Tower
02:03 Arcane Vault
02:13 Arcane Tower
02:36 Blacksmith
03:22 Lumber Mill
03:29 Barracks
04:19 Keep
04:48 Farm
04:53 Farm
05:44 Farm
06:31 Scout Tower
06:32 Scout Tower
06:35 Scout Tower
06:39 Scout Tower
07:09 Guard Tower
07:14 Guard Tower
07:39 Guard Tower
07:55 Lumber Mill
09:11 Farm
10:29 Arcane Sanctum
10:31 Arcane Sanctum
11:59 Scout Tower
12:04 Scout Tower
15:37 Scout Tower
15:38 Scout Tower
15:38 Scout Tower
15:40 Scout Tower
15:41 Scout Tower
15:45 Scout Tower
16:06 Guard Tower
16:07 Guard Tower
16:07 Guard Tower
16:08 Guard Tower
16:12 Guard Tower
16:12 Guard Tower
16:15 Town Hall
16:18 Guard Tower
16:27 Scout Tower
16:29 Scout Tower
16:31 Scout Tower
16:36 Scout Tower
16:56 Guard Tower
16:58 Guard Tower
17:04 Guard Tower
18:21 Guard Tower
19:37 Town Hall
20:25 Scout Tower
20:25 Scout Tower
20:26 Scout Tower
20:27 Scout Tower
20:29 Scout Tower
20:29 Scout Tower
20:44 Castle
20:50 Guard Tower
20:52 Guard Tower
21:47 Guard Tower
22:00 Guard Tower
22:04 Barracks
22:08 Barracks
22:13 Barracks
22:13 Barracks
24:59 Farm
25:00 Farm
25:01 Farm
25:01 Farm
25:02 Farm
» items
| Scroll of Regeneration | 4 | |
| Lesser Clarity Potion | 1 | |
| Scroll of Town Portal | 4 | |
| Potion of Healing | 2 | |
| Ivory Tower | 3 | |
| Potion of Lesser Invulnerability | 1 | |
| Staff of Teleportation | 1 | |
16 total
GeneralCuster (
orange | 14 APM | 628 actions | 43:41)
4 Demon Hunter
1 Mana Burn
2 Immolation
1 Evasion
» actions
| Basic commands | 182 | |
| Build / train | 97 | |
| Enter build submenu | 23 | |
| Enter hero's abilities submenu | 4 | |
| Remove unit from queue | 2 | |
| Right click | 3 | |
| Select / deselect | 264 | |
| Use ability | 53 | |
628 total
» units
| Wisp | 25 | |
| Archer | 5 | |
| Huntress | 8 | |
| Giant Sea Turtle | 1 | |
| Dryad | 36 | |
| Mountain Giant | 5 | |
| Glaive Thrower | 1 | |
81 total
» upgrades
| Strength of the Wild | 2 | |
| Reinforced Hides | 2 | |
| Abolish Magic | 1 | |
5 total
» buildings
| Altar of Elders | 1 | |
| Moon Well | 7 | |
| Ancient of Wonders | 1 | |
| Ancient of War | 2 | |
| Hunter's Hall | 1 | |
| Tree of Ages | 1 | |
| Ancient Protector | 8 | |
| Ancient of Lore | 2 | |
| Tree of Life | 1 | |
| Tree of Eternity | 1 | |
25 total
» build order
00:43 Altar of Elders
00:52 Moon Well
01:00 Ancient of Wonders
01:17 Moon Well
02:30 Ancient of War
02:43 Ancient of War
02:56 Moon Well
03:19 Hunter's Hall
05:39 Tree of Ages
05:43 Moon Well
07:48 Ancient Protector
08:10 Ancient of Lore
08:16 Ancient of Lore
08:23 Moon Well
10:34 Moon Well
11:33 Ancient Protector
12:09 Ancient Protector
15:07 Ancient Protector
19:15 Tree of Life
19:54 Moon Well
21:45 Tree of Eternity
23:04 Ancient Protector
27:57 Ancient Protector
28:03 Ancient Protector
29:31 Ancient Protector
» items
Chat log
(00:04 / Allies) WaSaBi.: knights is melee dude
(00:04 / Allies) iceman6709: ill get some rifles/casters
(00:17 / Allies) iceman6709: am for hero
(05:07 / Allies) WaSaBi.: fucking delay
(05:50 / Allies) ANGEL.ARENA.: wood
(06:34 / Allies) WaSaBi.: coming
(07:44 / Allies) iceman6709: red lets do middle
(07:52 / Allies) ANGEL.ARENA.: these creeps are a bitch
(08:05 / Allies) iceman6709: purple
(08:06 / Allies) iceman6709: grab him
(08:53 / Allies) ANGEL.ARENA.: wood
(09:25 / Allies) iceman6709: repair it
(09:28 / Allies) iceman6709: red come
(10:17 / Allies) iceman6709: wtf come help
(11:22 / Allies) muhat: hit?
(11:25 / Allies) WaSaBi.: no
(11:27 / Allies) ANGEL.ARENA.: meet at pinks
(11:47 / Allies) WaSaBi.: buy tp's
(11:54 / Allies) iceman6709: gold pls
(12:13 / Allies) ANGEL.ARENA.: meet pinks
(12:52 / Allies) iceman6709: red why are u running
(12:55 / Allies) iceman6709: and yellow....
(13:12 / Allies) WaSaBi.: wtf
(13:25 / Allies) ANGEL.ARENA.: meet at oj
(13:39 / Allies) ANGEL.ARENA.: give wood
(13:42 / Allies) iceman6709: go red
(13:50 / Allies) muhat: b
(14:14 / Allies) WaSaBi.: out
(14:14 / Allies) iceman6709: red we need ur air
(14:36 / Allies) iceman6709: in red
(14:37 / Allies) iceman6709: my god
(14:54 / Allies) iceman6709: and now u kill me
(14:56 / Allies) WaSaBi.: WTF
(14:56 / Allies) WaSaBi.: RED
(15:00 / Allies) ANGEL.ARENA.: mistake
(15:01 / Allies) ANGEL.ARENA.: sorry
(15:03 / Allies) iceman6709: he fucking sucks either way
(15:10 / Allies) ANGEL.ARENA.: mistake
(15:11 / Allies) ANGEL.ARENA.: we got this
(15:14 / Allies) WaSaBi.: get the fucking chims
(15:20 / Allies) WaSaBi.: out
(15:23 / Allies) muhat: b teal
(15:24 / Allies) WaSaBi.: we need more aa
(15:29 / Allies) iceman6709: he just runs around
(15:54 / Allies) WaSaBi.: get hawks or tanks
(15:56 / Allies) WaSaBi.: for chims guys
(16:02 / Allies) iceman6709: it wont matter
(16:05 / Allies) iceman6709: reds a dumb ass
(16:10 / Allies) WaSaBi.: tp
(16:11 / Allies) iceman6709: he doesnt know what hes doing
(16:16 / Allies) ANGEL.ARENA.: leave teal
(16:17 / Allies) ANGEL.ARENA.: u got raped
(16:19 / Allies) iceman6709: see
(16:23 / Allies) iceman6709: sitting in his base again
(16:24 / Allies) WaSaBi.: tp
(16:25 / Allies) iceman6709: vs chims...
(16:34 / Allies) muhat: go
(16:35 / Allies) muhat: 'red
(16:38 / Allies) iceman6709: still sitting
(16:51 / All) ANGEL.ARENA.: why is teal rezzing his hero
(16:56 / Allies) iceman6709: again....
(17:09 / Allies) WaSaBi.: RED WTF
(17:18 / Allies) ANGEL.ARENA.: i asked for wood
(17:20 / Allies) ANGEL.ARENA.: u fags never gav eit
(17:29 / All) gargle-my-balls: gg noob bitches
(17:34 / All) WaSaBi.: THIS WAS OURS
(17:36 / All) WaSaBi.: RED IS A FUCKING NOOB
(17:38 / All) WaSaBi.: AND RETARD
(17:40 / All) WaSaBi.: AND HE BS
(20:41 / All) gargle-my-balls: rapped faggot
(20:55 / All) Bill_48: leave
(22:54 / All) gargle-my-balls: noob bitch
(26:46 / All) Bill_48: lol purp
(27:35 / All) Bill_48: lol purp
(27:38 / All) Bill_48: end thid
(27:39 / All) Bill_48: this
(28:34 / All) Bill_48: end this
(28:41 / All) Bill_48: green
(28:46 / All) gargle-my-balls: lOL NOOB BITCH
(30:51 / All) TyCobb: To be honest, I had lost faith in my ability to win this one
(30:58 / All) gargle-my-balls: lol
(30:59 / All) ANGEL.ARENA.: i fucked it up bad
(31:14 / All) Bill_48: juste leave red ;P
(31:58 / All) TyCobb: Yes, we do punch bitches
(32:04 / All) ANGEL.ARENA.: can uf aggots leave
(32:05 / All) gargle-my-balls: ok i gotta study for macro
(32:07 / All) ANGEL.ARENA.: plz
(32:11 / All) gargle-my-balls: i trust we got this win
(32:22 / All) Bill_48: ahaha
(32:25 / All) Bill_48: same for me
(32:30 / All) Bill_48: im studying right no
(32:36 / All) ANGEL.ARENA.: U guys are horrible u lost this 1v4
(32:38 / All) gargle-my-balls: for what?
(32:51 / All) Bill_48: mathematic
(32:58 / All) gargle-my-balls: ah math suxors
(33:05 / All) Bill_48: purp and red are u friend?
(33:31 / All) TyCobb: Nice gold count
(33:34 / All) TyCobb: Guess you fellas should ahve expoed
(33:41 / All) Bill_48: ahah
(33:46 / All) Bill_48: you killed my expo
(33:57 / All) ANGEL.ARENA.: did u guys kill my expo
(36:00 / All) ANGEL.ARENA.: this replay is being posted, you guys failed miserably
(36:15 / All) ANGEL.ARENA.: i even killed my own team and u still lost
(36:31 / All) Bill_48: ?
(36:34 / All) TyCobb: He was desperate
(36:40 / All) TyCobb: He will wouldn'ta have killed pink's base
(36:57 / All) ANGEL.ARENA.: blue and green really want the win
(36:57 / All) TyCobb: I didn't go AWOL
(36:59 / All) TyCobb: I'm right here buddy
(37:01 / All) Bill_48: what are you trying to do purple
(37:02 / All) TyCobb: I went TURNCXOAT
(37:25 / All) TyCobb: What
(37:30 / All) TyCobb: English, motherfucker. Do you speak it?
(37:50 / All) TyCobb: You aren't speaking English, son
(38:10 / All) TyCobb: Ty Cobb could read just fine
(38:16 / All) TyCobb: Most eloquent baseball player to ever live
(38:20 / All) TyCobb: His son went to Yale
(38:22 / All) Bill_48: bwt angel arena sux
(38:28 / All) TyCobb: He drove up there once to whip him for failing classes
(38:30 / All) ANGEL.ARENA.: btw u got raped by purple
(38:38 / All) Bill_48: ... well
(38:43 / All) Bill_48: we are in the same team
(38:46 / All) Bill_48: what could i do
(38:54 / All) ANGEL.ARENA.: this is 4v4 if u didnt suck u could killl him
(39:01 / All) ANGEL.ARENA.: u lost to purple u guys had 3 armies
(39:13 / All) Bill_48: aniway
(39:24 / All) Bill_48: we goonna have to wait a long time
(39:25 / All) ANGEL.ARENA.: to be honest i played like shit i even lost my bm which i never do, and u guys still suck enough to lose when we had nothing
(39:42 / All) Bill_48: go play custom noob
(40:17 / All) ANGEL.ARENA.: to be honest i didnt want to give teal a tie , but u guys earned this loss whole heartedly
(40:57 / All) ANGEL.ARENA.: serisly all green had to do was separate his chims and keep them from his heros
(41:35 / All) Bill_48: aniway purple is a retard
(41:54 / All) ANGEL.ARENA.: well that retard beat ur armies 1v3
(42:03 / All) Bill_48: nah
(42:15 / All) Bill_48: first a taugh it was a joke
(42:22 / All) TyCobb: Real funny, wasn't it?
(42:34 / All) Bill_48: kind of
(42:48 / All) TyCobb: I got 2, 3 four fight chuckles from it!
(42:54 / All) TyCobb: I'm still laughing, HA! HA! HA!
(42:59 / All) Bill_48: ook
(43:00 / All) TyCobb: five*
(43:05 / All) Bill_48: well why oyu do that
(43:11 / All) TyCobb: It's a joke
(43:19 / All) TyCobb: It's for laughs
(43:24 / All) TyCobb: It's a barrel full!!1111
(43:33 / All) TyCobb: HA HA HA HA HA!
(43:56 / All) Bill_48: we gonna get both a lose
(44:16 / All) ANGEL.ARENA.: OH WOW HE GETS A LOSS ON A 0-0 ACCOUNT
(44:24 / All) Bill_48: lol
(44:45 / All) Bill_48: look at my account after this noob
(44:53 / All) ANGEL.ARENA.: i cant stress enough i played like shit and he went rifles and i convinced him not to get mass tp